 Dungeon Crawl Stone Soup version 0.22-a0-149-g870e420 (webtiles) character file.

3184 KristoblXynda the Carver (level 9, 0/74 HPs)
             Began as a Green Draconian Monk on Feb 7, 2018.
             Was a High Priest of Okawaru.
             Slain by a two-headed ogre
             ... wielding a +0 giant club
              (18 damage)
             ... on level 8 of the Dungeon.
             The game lasted 00:14:20 (7299 turns).

KristoblXynda the Carver (Green Draconian Monk)     Turns: 7299, Time: 00:14:21

Health: 0/74       AC: 13    Str: 13    XL:     9   Next: 64%
Magic:  11/11      EV: 21    Int: 12    God:    Okawaru [*****.]
Gold:   542        SH:  0    Dex: 21    Spells: 8/8 levels left

rFire    . . .     SeeInvis .   c - +2 dagger (venom)
rCold    . . .     Gourm    .   (no shield)
rNeg     . . .     Faith    .   (armour unavailable)
rPois    +         Spirit   .   (helmet restricted)
rElec    .         Reflect  .   h - +1 cloak of the Abyss {+Blink Int-2 Dex+4}
rCorr    .         Harm     .   f - +0 pair of gloves
MR       .....                  i - +2 pair of boots
Stlth    ++........             (no amulet)
HPRegen  0.22/turn              y - +3 ring of dexterity
MPRegen  0.12/turn              x - +3 ring of evasion

@: short of breath
A: breathe noxious fumes, unfitting armour, poison resistance, cold-blooded, AC
+7
a: Breathe Noxious Fumes, Heroism, Finesse, Renounce Religion, Evoke Blink


You were on level 8 of the Dungeon.
You worshipped Okawaru.
Okawaru was extremely pleased with you.
You were not hungry.

You visited 2 branches of the dungeon, and saw 9 of its levels.

You collected 542 gold pieces.

Inventory:

Hand Weapons
 a - a +1 long sword
 c - a +2 dagger of venom (weapon)
Armour
 f - a +0 pair of gloves (worn)
 h - the +1 cloak of the Abyss (worn) {+Blink Int-2 Dex+4}
   (You found it on level 7 of the Dungeon)

   It affects your intelligence (-2).
   It affects your dexterity (+4).
   It lets you blink.
 i - a +2 pair of boots (worn)
Jewellery
 n - an uncursed ring of resist corrosion
 x - a +3 ring of evasion (right hand)
 y - a +3 ring of dexterity (left hand)
Wands
 w - a wand of iceblast (19)
 A - a wand of enslavement (3)
Scrolls
 e - a scroll of enchant armour {unknown}
 k - a scroll of blinking {unknown}
 l - 2 scrolls of teleportation
 o - a scroll of identify
 p - a scroll of noise {unknown}
 r - a scroll of enchant weapon
 t - a scroll of fear
 u - 2 scrolls of random uselessness {unknown}
 v - 4 scrolls of remove curse
Potions
 d - 3 potions of heal wounds
 g - 2 potions of flight
 j - a potion of mutation {unknown}
 m - a potion of brilliance
 q - a potion of haste
 z - a potion of magic {unknown}
 B - a potion of curing
Books
 s - a book of Geomancy

   Spells                             Type                      Level
   a - Sandblast                      Earth                        1
   b - Passwall                       Transmutation/Earth          2
   c - Stone Arrow                    Conjuration/Earth            3
   d - Petrify                        Transmutation/Earth          4
   e - Lee's Rapid Deconstruction     Earth                        5
Comestibles
 b - 13 rations


   Skills:
 + Level 5.0 Fighting
 * Level 10.7 Long Blades
 + Level 7.2 Dodging
 - Level 1.7 Stealth
 + Level 3.6 Invocations


You had 8 spell levels left.
You didn't know any spells.

Dungeon Overview and Level Annotations

Branches:
Dungeon (8/15)             Temple (1/1) D:5
   Lair: D:8-11

Altars:
Cheibriados
Dithmenos
Elyvilon
Fedhas
Gozag
Hepliaklqana
Kikubaaqudgha
Nemelex Xobeh
Okawaru
Qazlal
Ru
Sif Muna
Trog
Uskayaw
Vehumet
Wu Jian
Xom
Yredelemnul
Zin
The Shining One

Shops:
D:4 %

Annotations:
D:3 KristoblXynda's ghost, amateur DrGl


Innate Abilities, Weirdness & Mutations

You can breathe blasts of noxious fumes.
Your lurid green scales are hard. (AC +7)
You cannot fit into any form of body armour.
Your system is resistant to poisons. (rPois)
You are cold-blooded and may be slowed by cold attacks.


Message History

The two-headed ogre hits you with a giant club!!
* * * LOW HITPOINT WARNING * * *
The two-headed ogre barely misses you.
Unknown command.
You catch the helpless two-headed ogre completely off-guard!
You impale the two-headed ogre!!
The two-headed ogre looks as sick as possible!
The two-headed ogre is severely wounded.
You hit the two-headed ogre.
The two-headed ogre looks as sick as possible!
The two-headed ogre is severely wounded.
The two-headed ogre is engulfed in noxious fumes.
You hit the two-headed ogre but do no damage.
The two-headed ogre looks as sick as possible!
You tail-slap the two-headed ogre, but do no damage.
The two-headed ogre is severely wounded.
You hit the two-headed ogre.
The two-headed ogre is almost dead.
The two-headed ogre hits you with a giant club!!
You die...

#..###.###.#
#..#.#... .# .
#..#.#.###.###...
#................
#§..)..).......#
#§.###.###.###.#
#§...#...#.).
#.O###.###.###
#§@...........
##.....####.###
#..##### .#
####.## ..
#.....#
#.###.###########
#.###.#...>......
#.#.....########.
#.#.#.###


You could see a two-headed ogre (confused).

Vanquished Creatures
  Prince Ribbit (D:6)
  A wraith (D:8)
  2 hungry ghosts
  A sky beast (D:7)
  2 porcupines (D:8)
  An orc warrior (D:8)
  A hornet zombie (D:6)
  2 ogres
  3 centaurs
  A crocodile (D:6)
  5 bullfrogs
  A water moccasin zombie (D:8)
  3 scorpions
  A howler monkey (D:4)
  3 crimson imps
  A centaur zombie (D:5)
  A hound (D:5)
  5 jellies
  3 bullfrog skeletons
  2 iguanas
  4 orc wizards
  8 worker ants
  3 gnolls (D:5)
  10 adders
  A shadow imp (D:5)
  An ooze (D:5)
  An adder zombie (D:5)
  3 adder skeletons
  3 worms
  2 dart slugs
  6 leopard geckos
  19 orcs
  7 bats
  8 giant cockroaches
  8 hobgoblins
  17 jackals
  9 kobolds
  2 quokkas
  A ball python (D:6)
  2 frilled lizards
  2 giant cockroach zombies
  11 goblins
  A jackal skeleton (D:4)
  2 leopard gecko skeletons
  A quokka skeleton (D:4)
  10 rats
182 creatures vanquished.

Vanquished Creatures (others)
  A kobold (D:3)
  A rat (D:3)
2 creatures vanquished.

Grand Total: 184 creatures vanquished

Notes
Turn   | Place    | Note
-------+----------+-------------------------------------------
     0 | D:1      | KristoblXynda the Draconian Monk began the quest for the Orb.
     0 | D:1      | Reached XP level 1. HP: 19/19 MP: 1/1
   144 | D:1      | Reached XP level 2. HP: 26/26 MP: 2/2
   460 | D:1      | Reached XP level 3. HP: 31/31 MP: 3/3
   553 | D:1      | Reached skill level 4 in Long Blades
   998 | D:2      | Reached XP level 4. HP: 36/38 MP: 4/4
  1418 | D:2      | Found an iron altar of Okawaru.
  1423 | D:2      | Reached skill level 5 in Long Blades
  1455 | D:2      | Reached XP level 5. HP: 36/45 MP: 5/5
  1465 | D:2      | Became a worshipper of Warmaster Okawaru
  1465 | D:2      | Reached * piety under Okawaru
  1465 | D:2      | Reached ** piety under Okawaru
  1669 | D:3      | Noticed KristoblXynda's ghost (amateur DrGl)
  1847 | D:3      | Found a white marble altar of Elyvilon.
  1931 | D:3      | Found a blossoming altar of Fedhas.
  2004 | D:3      | Found an iron altar of Okawaru.
  2066 | D:3      | Found a glowing golden altar of the Shining One.
  2105 | D:3      | You fall through a shaft!
  2148 | D:4      | Reached XP level 6. HP: 45/51 MP: 6/6
  2174 | D:4      | Reached skill level 6 in Long Blades
  2205 | D:4      | Found a hazy altar of Hepliaklqana.
  2214 | D:4      | Found a glowing silver altar of Zin.
  2304 | D:4      | Got a polished mace
  2305 | D:4      | Identified the cursed +1 mace "Lecweiqu" {venom, rF+ rN+ MP+9} (You found it on level 4 of the Dungeon)
  3071 | D:4      | Found Mocrya's Food Boutique.
  3213 | D:5      | Entered Level 5 of the Dungeon
  3262 | D:5      | Found a staircase to the Ecumenical Temple.
  3300 | D:5      | Your scales start taking on a lurid green colour.
  3300 | D:5      | Reached XP level 7. HP: 57/57 MP: 7/7
  3300 | D:5      | Gained mutation: Your system is resistant to poisons. (rPois) [Green Draconian growth]
  3317 | Temple   | Entered the Ecumenical Temple
  3620 | D:5      | Reached skill level 7 in Long Blades
  3719 | D:5      | Reached *** piety under Okawaru
  3719 | D:5      | Reached skill level 5 in Dodging
  3936 | D:5      | Got a polished dagger {pain}
  3937 | D:5      | Identified the +1 dagger of False Accusations {pain, rF- rN+ Dex+4} (You took it off a crimson imp on level 5 of the Dungeon)
  3963 | D:5      | Found a stormy altar of Qazlal.
  4248 | D:5      | Reached skill level 8 in Long Blades
  4492 | D:6      | Reached XP level 8. HP: 63/63 MP: 8/8
  4591 | D:6      | Noticed Prince Ribbit
  4670 | D:6      | Killed Prince Ribbit
  4670 | D:6      | Received a gift from Okawaru
  4670 | D:6      | Reached skill level 9 in Long Blades
  5201 | D:6      | Found a shimmering altar of Xom.
  5443 | D:6      | Reached **** piety under Okawaru
  5887 | D:7      | Reached skill level 1 in Invocations
  6140 | D:7      | Found a deep blue altar of Sif Muna.
  6152 | D:7      | Reached XP level 9. HP: 52/71 MP: 10/10
  6354 | D:7      | Reached skill level 10 in Long Blades
  6600 | D:7      | Got a slimy cloak
  6611 | D:7      | Identified the +1 cloak of the Abyss {+Blink Int-2 Dex+4} (You found it on level 7 of the Dungeon)
  7027 | D:8      | Reached ***** piety under Okawaru
  7242 | D:8      | Reached skill level 5 in Fighting
  7275 | D:8      | Noticed a two-headed ogre
  7299 | D:8      | Slain by a two-headed ogre

Vault maps used:
D:1:      minmay_arrival_semitransparent
D:2:      grunt_ministairs_10, okawaru_altar_gauntlet_db
D:3:      lemuel_crystal_altar, nicolae_overflow_crystal_walls,
          elyvilon_altar_4, first_ration, nicolae_tso_swordbearing_angel
D:4:      amethyst_overflow_temple_binary, serial_shops, shop,
          minmay_misc_feat_diagonals
D:5:      temple_doors_cd, grunt_qazlal_clouds
D:6:      brannock_xom_greatest_gift, kennysheep_boxes, uniq_prince_ribbit1
D:7:      basic_altar
D:8:      marbit_many_paths, ashenzari_conservatory_becter,
          grunt_lair_entry_orc_guard_hut, minmay_misc_feat_nine_boxes
Temple:   oiseaux_autumnal_temple

Skill      XL: |  1  2  3  4  5  6  7  8  9 |
---------------+----------------------------+-----
Dodging        | 3 4 5 6 7 |  7.2
Long Blades    | 4 5 6 8 9 10 | 10.7
Invocations    | 1 3 |  3.6
Fighting       | 5 |  5.0
Stealth        | |  1.7

Action                   |  1- 3 |  4- 6 |  7- 9 || total
-------------------------+-------+-------+-------++-------
Melee: Dagger            |   103 |   224 |   282 ||   609
       Tailslap          |    14 |    26 |    71 ||   111
       Long sword        |       |       |   137 ||   137
 Abil: Breathe Noxious F |       |       |     4 ||     4
  Use: Scroll            |       |     3 |    10 ||    13
 Stab: Sleeping          |     1 |     8 |     8 ||    17
       Distracted        |     1 |       |       ||     1
       Confused          |       |       |     2 ||     2
  Eat: Chunk             |       |     4 |    11 ||    15
       Ration            |       |     1 |     3 ||     4
Armor: Skin              |    31 |    56 |    74 ||   161
Dodge: Dodged            |    92 |   156 |   291 ||   539
       Rpst.: Long sword |       |       |    38 ||    38

Table legend:
 A = Spawn XP
 B = Non-spawn XP
 C = Spawn XP percentage of total XP
 D = Spawn monster count
 E = Non-spawn monster count
 F = Spawn count percentage of total count
 G = Total turns spent on level
                    A         B        C        D         E        F      G
               +---------+---------+-------+---------+---------+-------+---------
         Total |       0 |    4549 |   0.0 |       0 |     182 |   0.0 |  7299
               +---------+---------+-------+---------+---------+-------+---------
           D:1 |       0 |      53 |   0.0 |       0 |      30 |   0.0 |   743
           D:2 |       0 |     160 |   0.0 |       0 |      29 |   0.0 |   955
           D:3 |       0 |      88 |   0.0 |       0 |      19 |   0.0 |   407
           D:4 |       0 |     374 |   0.0 |       0 |      26 |   0.0 |  1108
           D:5 |       0 |     739 |   0.0 |       0 |      29 |   0.0 |  1042
           D:6 |       0 |     944 |   0.0 |       0 |      17 |   0.0 |  1278
           D:7 |       0 |     850 |   0.0 |       0 |      17 |   0.0 |  1009
           D:8 |       0 |    1341 |   0.0 |       0 |      15 |   0.0 |   539
               +---------+---------+-------+---------+---------+-------+---------
